 Dungeon Crawl Stone Soup version 0.31-a0-983-g7b6862f502 (webtiles) character file.

Game seed: 624283397382111443

136 lunkers the Insei (level 5, -2/32 (33) HPs)
             Began as an Octopode Shapeshifter on Nov 2, 2023.
             Slain by an orc wizard
             ... wielding a +0 dagger
              (4 damage)
             ... on level 3 of the Dungeon.
             The game lasted 00:01:58 (1761 turns).

lunkers the Insei (Octopode Shapeshifter)           Turns: 1761, Time: 00:01:58

HP:   -2/32 (33)    AC:  1    Str: 13    XL:     5   Next: 19%
MP:   5/5           EV: 13    Int: 13    God:
Gold: 110           SH:  0    Dex: 13    Spells: 4/4 levels left

rFire   . .          .
                       - Unarmed
rCold   . . .        (no shield)
rNeg    . . .        (helmet currently unavailable)
rPois   .            (no amulet)
rElec   .            (no ring)
rCorr   .            (no ring)
SInv    .            (no ring)
Will    .....        (no ring)
Stlth   ++           (no ring)
HPRegen 0.25/turn    (no ring)
MPRegen 0.09/turn    (no ring)
                     (no ring)

%: no passive effects
@: beast-form, lightly drained
A: beast (slay +2), almost no armour, amphibious, 8 rings, camouflage 1,
gelatinous body 1, (nimble swimmer 1), tentacles
a: Begin Untransformation


You were on level 3 of the Dungeon.
You were a hulking beast.
You visited 1 branch of the dungeon, and saw 3 of its levels.

You collected 110 gold pieces.

Inventory:

Talismans
 b - a beast talisman
 c - a flux talisman
Wands
 i - a wand of charming (12)
Scrolls
 d - a scroll of fog {unknown}
 e - a scroll of vulnerability {unknown}
 g - a scroll of brand weapon {unknown}
 m - a scroll of enchant weapon {unknown}
 n - a scroll of silence {unknown}
Potions
 a - a potion of lignification
 f - 2 potions of haste {unknown}
 h - a potion of curing {unknown}
 j - a potion of attraction {unknown}
 k - 3 potions of brilliance {unknown}
 l - 2 potions of enlightenment {unknown}


   Skills:
 - Level 1.0 Fighting
 - Level 2.0 Dodging
 * Level 5.0 Unarmed Combat
 + Level 3.9 Shapeshifting


You had 4 spell levels left.
You didn't know any spells.
Your spell library contained the following spells:

 Spells                   Type           Power      Damage    Failure   Level
 Magic Dart               Conj           0%         1d3       30%         1
 Blink                    Tloc           0%         N/A       43%         2
 Call Imp                 Summ           0%         N/A       43%         2
 Lesser Beckoning         Tloc           0%         N/A       43%         2
 Momentum Strike          Conj/Tloc      0%         3d8       43%         2
 Mephitic Cloud           Conj/Pois/Air  0%         N/A       67%         3


Dungeon Overview and Level Annotations

Branches:
Dungeon (3/15)

Altars:

Shops:
D:1 :?*


Innate Abilities, Weirdness & Mutations

You are a hulking beast.
Your limbs bulge with bestial killing power. (Slay +2)
You cannot wear most types of armour.
You are amphibious.
You can wear up to eight rings at the same time.
Your skin changes colour to match your surroundings (Stealth+).
Your rubbery body absorbs attacks. (AC +1, EV +1)
((You are camouflaged when in or above water. (Stealth+)))
You have tentacles for arms and can constrict up to eight enemies at once.


Message History

You constrict the orc. Something hits you.
* * * LOW HITPOINT WARNING * * *
The orc misses you.
You tentacle-slap the orc.
You kill the orc!
Something hits you.
* * * LOW HITPOINT WARNING * * *
Your Unarmed Combat skill increases to level 5!
Something hits you.
* * * LOW HITPOINT WARNING * * *
Things that are here:
a +0 war axe of draining; a +0 ring mail; an orc corpse Something hits you but does no damage.
Something hits you.
* * * LOW HITPOINT WARNING * * *
You barely miss something. Something hits you.
* * * LOW HITPOINT WARNING * * *
You miss something. Something barely misses you.
You miss something.
You hear some strange, mumbled words.
Something tries to affect you, but you resist.
You tentacle-slap something.
You hear some strange, mumbled words.
A magic dart appears from out of thin air!
The magic dart hits you.
* * * LOW HITPOINT WARNING * * *
You tentacle-slap something but do no damage.
You barely miss something. Something hits you.
* * * LOW HITPOINT WARNING * * *
You bludgeon something! Something hits you.
* * * LOW HITPOINT WARNING * * *
You closely miss something. Something hits you.
* * * LOW HITPOINT WARNING * * *
Unknown command.
You tentacle-slap something but do no damage.
Something hits you.
* * * LOW HITPOINT WARNING * * *
You closely miss something. Something completely misses you.
You closely miss something. Your squeeze misses something. Something hits you.
You die...

###########
#.........#
#.........#
#.........# ##
#...{.....# ..
+.##...h.....+
....#.....)).....#
............>#+#...
######.####...# #
#+#####....# .....
.........P...#
.....#
#.........PP.##
###..#
#..........P.# ..#
#..........P.#


There were no monsters in sight!

Vanquished Creatures
  A hound (D:2)
  An orc priest (D:3)
  2 adders (D:2)
  A worm (D:2)
  2 dart slugs (D:1)
  3 orcs (D:3)
  5 endoplasms
  4 giant cockroaches
  3 goblins
  7 hobgoblins
  6 kobolds
  3 quokkas
  4 ball pythons
  2 bats
  2 frilled lizards
  3 rats
49 creatures vanquished.

Notes
Turn   | Place    | Note
-------+----------+-------------------------------------------
     0 | D:1      | lunkers the Octopode Shapeshifter began the quest for the
                  | Orb.
     0 | D:1      | Reached XP level 1. HP: 13/13 MP: 1/1
    20 | D:1      | Found Jocvohogh's Book Boutique.
    45 | D:1      | Found Joetaet's Magic Scroll Boutique.
    55 | D:1      | Reached XP level 2. HP: 18/18 MP: 2/2
   647 | D:1      | Found Minasal's Assorted Antiques.
   681 | D:1      | Reached XP level 3. HP: 23/23 MP: 3/3
   872 | D:2      | Reached skill level 4 in Unarmed Combat
  1185 | D:2      | Reached XP level 4. HP: 21/28 MP: 4/4
  1741 | D:3      | Reached XP level 5. HP: 25/33 MP: 5/5
  1748 | D:3      | Reached skill level 5 in Unarmed Combat
  1761 | D:3      | Slain by an orc wizard

Illustrated notes

Levels and vault maps discovered:
D:1:      dpeg_arrival_stone_temple_mockup, layout_basic, serial_shops,
          nicolae_square_shop, nicolae_shop_gibbet_a_chance, shop
D:2:      layout_basic, serial_bayou_ford_a, small_statue_intersection,
          small_statue_intersection
D:3:      layout_basic, shapermc_ecumenical_altar_mp_ritualfount, uniq_terence

Skill      XL: |  1  2  3  4  5 |
---------------+----------------+-----
Unarmed Combat | 4 5 |  5.0
Fighting       | |  1.0
Dodging        | |  2.0
Shapeshifting  | |  3.9

Action                     |  1- 3 |  4- 6 || total
---------------------------+-------+-------++-------
  Melee: Unarmed           |    68 |    40 ||   108
         Constrict         |    14 |     8 ||    22
         Tentacles         |    10 |     5 ||    15
         Punch             |       |     2 ||     2
   Stab: Sleeping          |     6 |     1 ||     7
 Armour: Skin              |    18 |    25 ||    43
  Dodge: Dodged            |    38 |    18 ||    56

Table legend: (Time is in decaauts)
 A = Elapsed time spent in this place.
 B = Non-inter-level travel time spent in this place.
 C = Inter-level travel time spent in this place.
 D = Time resting spent in this place.
 E = Time spent auto-exploring this place.
 F = Levels seen in this place.
 G = Mean time per level.
                   A        B        C        D        E       F      G
               +--------+--------+--------+--------+--------+-----+--------+
         Total |   1751 |   1671 |     80 |      0 |   1365 |   3 |  583.7 |
       Dungeon |   1751 |   1671 |     80 |      0 |   1365 |   3 |  583.7 |
               +--------+--------+--------+--------+--------+-----+--------+

Top non-repeatable levels by time:
     D:1: 805 daAuts
     D:2: 722 daAuts
     D:3: 223 daAuts
